 Dungeon Crawl Stone Soup version 0.19.1-1-g22dce08 (webtiles) character file.

14854 dngmouse the Fighter (level 11, -5/165 HPs)
             Began as a Minotaur Berserker on Jan 17, 2017.
             Was the Champion of Trog.
             Slain by an orc warlord
             ... wielding a +5 halberd of venom
              (24 damage)
             ... in a bailey.
             The game lasted 00:37:25 (8276 turns).

dngmouse the Fighter (Minotaur Berserker)           Turns: 8276, Time: 00:37:25

Health: -5/165     AC: 16    Str: 29    XL:     11   Next: 94%
Magic:  3/3        EV: 14    Int:  4    God:    Trog [******]
Gold:   620        SH:  0    Dex: 11    Spells: 0 memorised, 10 levels left

rFire  + . .     SeeInvis .     o - +4 battleaxe (antimagic)
rCold  . . .     Gourm    +     M - quicksilver dragon scales
rNeg   . . .     Faith    .     (shield currently unavailable)
rPois  +         Spirit   .     (helmet restricted)
rElec  .         Reflect  .     A - +0 cloak
rCorr  .         Harm     .     (no gloves)
MR     +++..                    D - +0 pair of boots
Stlth  ..........               k - amulet of the gourmand
                                F - ring of poison resistance
                                r - ring of protection from fire

@: berserking, regenerating, very quick
A: retaliatory headbutt, horns 2
a: Berserk, Trog's Hand, Brothers in Arms, Burn Spellbooks, Renounce Religion


You were in a bailey.
You worshipped Trog.
Trog was exalted by your worship.
You were very full.

You visited 1 branch of the dungeon, and saw 11 of its levels.
You also visited: Bailey.

You collected 620 gold pieces.

Inventory:

Hand Weapons
 a - a +0 hand axe
 g - a +2 dire flail of electrocution
 o - a +4 antimagic battleaxe (weapon)
 y - the +8 demon blade "Leech" {vamp, rN+ AC-3 EV-3}
   (You found it on level 4 of the Dungeon)

   It inflicts no extra harm, but heals its wielder when it wounds a living foe.
   It affects your AC (-3).
   It affects your evasion (-3).
   It protects you from negative energy.
 N - a +1 flail of protection
Missiles
 l - a tomahawk of dispersal (quivered)
 H - 5 tomahawks of returning
 K - a tomahawk
Armour
 A - a +0 cloak (worn)
 D - a +0 pair of boots (worn)
 G - the cursed +0 plate armour "Sudut" {+Fly rN+++ Dex-3}
   (You found it on level 7 of the Dungeon)

   It affects your dexterity (-3).
   It renders you almost immune to negative energy.
   It lets you fly.
   It has a curse placed upon it.
 M - quicksilver dragon scales (worn)
Rods
 B - a +1 rod of inaccuracy (13/13)
   (You found it on level 7 of the Dungeon)
Jewellery
 k - an amulet of the gourmand (around neck)
 r - a ring of protection from fire (left hand)
 F - a ring of poison resistance (right hand)
Wands
 z - a wand of random effects (48/48)
Scrolls
 b - a scroll of fear {unknown}
 e - 3 scrolls of immolation
 i - 2 scrolls of fog
 n - 6 scrolls of identify
 q - 3 scrolls of teleportation
 s - 5 scrolls of remove curse
 v - a scroll of recharging
 C - a scroll of blinking
 E - a scroll of magic mapping
 I - a scroll of amnesia {unknown}
Potions
 f - 6 potions of brilliance
 j - 4 potions of invisibility
 p - a potion of cancellation
 u - 2 potions of magic
 w - a potion of haste
 x - 5 potions of curing
 J - a potion of might
 Q - 2 potions of agility
 R - a potion of resistance {unknown}
 S - a potion of heal wounds
Books
 O - a book of Necromancy

   Spells                             Type                      Level
   a - Pain                           Necromancy                   1
   b - Animate Skeleton               Necromancy                   1
   c - Vampiric Draining              Necromancy                   3
   d - Regeneration                   Charms/Necromancy            3
   e - Animate Dead                   Necromancy                   4
   f - Control Undead                 Necromancy                   4
   Trog disapproves of the use of such an item.
 P - a book of Necromancy

   Spells                             Type                      Level
   a - Pain                           Necromancy                   1
   b - Animate Skeleton               Necromancy                   1
   c - Vampiric Draining              Necromancy                   3
   d - Regeneration                   Charms/Necromancy            3
   e - Animate Dead                   Necromancy                   4
   f - Control Undead                 Necromancy                   4
   Trog disapproves of the use of such an item.
Comestibles
 c - 6 bread rations
 d - 10 slices of pizza
 h - a royal jelly
 m - 7 meat rations
 t - 13 fruits
 L - 2 beef jerkies
 T - 3 chunks of flesh


   Skills:
 + Level 14.1 Fighting
 * Level 6.0(10.5) Axes
 - Level 13.0(13.5) Maces & Flails
 - Level 10.0 Armour
 - Level 6.0 Dodging


You had 10 spell levels left.
You didn't know any spells.

Dungeon Overview and Level Annotations

Branches:
Dungeon (11/15)            Temple (0/1) D:6            Lair (0/6) D:8
    Orc (0/2) D:11

Altars:
Gozag
Hepliaklqana
Ru
Sif Muna
The Shining One
Beogh

Shops:
D:5 =


Innate Abilities, Weirdness & Mutations

You reflexively headbutt those who attack you in melee.
You have a pair of horns on your head.


Message History

You kill the orc warrior!
Trog accepts your kill.
Your base Axes skill increases to level 6!
You closely miss the hobgoblin.
The orc warlord hits you from afar with a halberd of venom!
* * * LOW HITPOINT WARNING * * *
The hobgoblin closely misses you.
The orc warlord hits you with a halberd of venom!!
* * * LOW HITPOINT WARNING * * *
Items here: )))))) [[[[[[ ††† Unknown command.
You slash the orc warlord!
The orc warlord is lightly wounded.
You slash the hobgoblin!
You kill the hobgoblin!
Trog accepts your kill.
You slice the orc warlord!!
The orc warlord is moderately wounded.
The orc warlord hits you with a halberd of venom!!
You die...

...........#...........#
...........#...........#
#.........###.......))###
#'#.....###.###.....#'#.###
..###.###.....###.###.....###
....### .......###.........##
.....# .......##8..........#
.....# .......)#8..........#
.....# ......o@'.....⌠....∩#
.....# .......)#8..........#
.....# .......##8..........#
....### .......###.........##
..###.###.....###.###))...###
#'#.....###.###.....#'#)###
#)).......###.........###
...........#...........#
.........).#.).........#


You could see an orc warlord.

Vanquished Creatures
  The ghost of galech the Grappler, a journeyman TrMo of Okawaru (D:10)
  Erica (D:9)
  The ghost of yogakurto the Skirmisher, a novice NaAK of Lugonu (Bailey)
  4 hill giants
  An orc knight (Bailey)
  An ugly thing (D:10)
  A manticore (D:11)
  A centaur zombie (D:10)
  The ghost of Exporg the Shield-Bearer, a novice MiFi (D:4)
  Joseph (D:9)
  A gargoyle (D:11)
  3 trolls
  A two-headed ogre (D:10)
  2 hippogriffs
  A vampire (D:11)
  A human (D:8)
  4 yaks (D:11)
  2 wyverns
  4 hogs (D:8)
  A hungry ghost (D:9)
  22 orc warriors
  An ice beast (D:7)
  A sky beast (D:6)
  An ogre (D:11)
  6 centaurs
  A big kobold (D:9)
  4 bullfrogs
  2 scorpions
  5 wights (D:7)
  5 crimson imps
  2 quasits
  2 bullfrog zombies
  5 hounds
  6 orc wizards
  Crazy Yiuf (D:5)
  3 bullfrog skeletons
  8 orc priests
  A jelly (D:6)
  2 centaur skeletons (D:10)
  3 iguanas
  Jessica (D:3)
  Natasha (thrice) (D:3 D:6)
  3 worker ants
  A killer bee zombie (D:5)
  A hound zombie (D:5)
  3 worker ant zombies
  18 gnolls
  14 adders
  A shadow imp (D:5)
  An ooze (D:1)
  4 worms
  A dart slug (D:3)
  7 leopard geckos
  76 orcs
  5 giant cockroaches
  20 hobgoblins
  4 jackals
  7 quokkas
  11 bats
  A frilled lizard (D:5)
  17 goblins
  A jackal skeleton (D:4)
  11 kobolds
  3 rats
328 creatures vanquished.

Notes
Turn   | Place    | Note
-------+----------+-------------------------------------------
     0 | D:1      | dngmouse the Minotaur Berserker began the quest for the Orb.
     0 | D:1      | Reached XP level 1. HP: 19/19 MP: 0/0
   196 | D:1      | Reached XP level 2. HP: 25/27 MP: 1/1
   627 | D:2      | Reached XP level 3. HP: 33/33 MP: 2/2
   631 | D:2      | Reached skill level 4 in Fighting
   659 | D:2      | Reached ** piety under Trog
   659 | D:2      | Reached skill level 5 in Axes
  1163 | D:2      | Found a glowing golden altar of the Shining One.
  1332 | D:3      | Reached skill level 1 in Maces & Flails
  1354 | D:3      | Noticed Natasha
  1361 | D:3      | Killed Natasha
  1361 | D:3      | Reached XP level 4. HP: 38/40 MP: 3/3
  1426 | D:3      | Noticed Jessica
  1437 | D:3      | Killed Jessica
  1640 | D:3      | Reached XP level 5. HP: 46/46 MP: 4/4
  1892 | D:4      | Noticed Exporg's ghost (novice MiFi)
  1901 | D:4      | Killed Exporg's ghost
  1901 | D:4      | Reached XP level 6. HP: 49/52 MP: 5/5
  1948 | D:4      | Found an opulent altar of Gozag.
  2478 | D:4      | Reached XP level 7. HP: 52/59 MP: 6/6
  2609 | D:5      | Entered Level 5 of the Dungeon
  2716 | D:5      | Reached *** piety under Trog
  2859 | D:5      | Found Nitamup's Jewellery Emporium.
  2993 | D:5      | Found a runed door.
  3093 | D:5      | Noticed Crazy Yiuf
  3102 | D:5      | Killed Crazy Yiuf
  3154 | D:6      | Noticed Natasha
  3161 | D:6      | Killed Natasha
  3221 | D:6      | Noticed Natasha
  3226 | D:6      | Killed Natasha
  3363 | D:6      | Reached skill level 10 in Maces & Flails
  3363 | D:6      | Reached XP level 8. HP: 66/66 MP: 7/7
  3371 | D:6      | Found a staircase to the Ecumenical Temple.
  3870 | D:7      | Reached **** piety under Trog
  4030 | D:7      | Got a smelly plate armour
  4031 | D:7      | Identified the cursed +0 plate armour "Sudut" {+Fly rN+++ Dex-3} (You found it on level 7 of the Dungeon)
  4235 | D:7      | Reached XP level 9. HP: 69/71 MP: 8/8
  4547 | D:8      | Identified a +1 rod of inaccuracy (13/13) (You found it on level 7 of the Dungeon)
  4602 | D:8      | Reached skill level 5 in Fighting
  4733 | D:8      | Found a roughly hewn altar of Beogh.
  4741 | D:8      | Reached skill level 6 in Fighting
  4745 | D:8      | Reached ***** piety under Trog
  4906 | D:8      | Received a gift from Trog
  5062 | D:8      | Found a staircase to the Lair.
  5154 | D:8      | Reached skill level 7 in Fighting
  5154 | D:8      | Reached skill level 5 in Armour
  5166 | D:8      | Reached skill level 8 in Fighting
  5398 | D:9      | Noticed Erica
  5513 | D:9      | Noticed Joseph
  5524 | D:9      | Killed Erica
  5524 | D:9      | Reached skill level 9 in Fighting
  5524 | D:9      | Reached XP level 10. HP: 77/91 MP: 9/9
  5536 | D:9      | Killed Joseph
  5871 | D:9      | Reached skill level 10 in Fighting
  6157 | D:9      | Found a deep blue altar of Sif Muna.
  6157 | D:9      | Found a hazy altar of Hepliaklqana.
  6158 | D:9      | Found a sacrificial altar of Ru.
  6330 | D:10     | Entered Level 10 of the Dungeon
  6330 | D:10     | Noticed galech's ghost (journeyman TrMo)
  6460 | D:10     | Killed galech's ghost
  6460 | D:10     | Reached skill level 11 in Fighting
  6460 | D:10     | Reached skill level 5 in Dodging
  6585 | D:10     | Noticed a brown ugly thing
  6595 | D:10     | Killed a brown ugly thing
  6720 | D:10     | Noticed a hill giant
  6727 | D:10     | Killed a hill giant
  6727 | D:10     | Reached XP level 11. HP: 102/102 MP: 10/10
  6771 | D:10     | Noticed a hill giant
  6780 | D:10     | Killed a hill giant
  6788 | D:10     | Reached skill level 12 in Fighting
  6828 | D:10     | Noticed a hill giant
  6837 | D:10     | Killed a hill giant
  7207 | D:11     | Noticed a hill giant
  7220 | D:11     | Killed a hill giant
  7385 | D:11     | Reached skill level 13 in Fighting
  7434 | D:11     | Found a flagged portal.
  7457 | D:11     | Received a gift from Trog
  7480 | Bailey   | Entered a bailey
  7733 | Bailey   | Noticed yogakurto's ghost (novice NaAK)
  7750 | Bailey   | Killed yogakurto's ghost
  7892 | Bailey   | Noticed an orc knight
  7893 | Bailey   | Reached ****** piety under Trog
  7915 | Bailey   | Killed an orc knight
  7915 | Bailey   | Reached skill level 14 in Fighting
  7916 | Bailey   | Reached skill level 10 in Armour
  8171 | Bailey   | Received a gift from Trog
  8260 | Bailey   | Noticed an orc warlord
  8276 | Bailey   | Slain by an orc warlord

Skill      XL: |  1  2  3  4  5  6  7  8  9 10 11 |
---------------+----------------------------------+-----
Axes           | 4 5 6 |  6.0
Fighting       | 4 9 11 14 | 14.1
Maces & Flails | 2 3 7 10 12 13 | 13.0
Armour         | 6 8 10 | 10.0
Dodging        | 5 6 |  6.0

Action                   |  1- 3 |  4- 6 |  7- 9 | 10-12 || total
-------------------------+-------+-------+-------+-------++-------
Melee: Hand axe          |    64 |       |       |       ||    64
       Headbutt          |    15 |     9 |    55 |    78 ||   157
       Dire flail        |    16 |    56 |   284 |   346 ||   702
       Battleaxe         |       |       |       |    12 ||    12
Throw: Throwing net      |       |       |     2 |     3 ||     5
       Tomahawk          |       |       |       |     4 ||     4
Invok: Berserk           |       |     1 |     1 |     9 ||    11
       Trog's Hand       |       |       |     1 |     2 ||     3
  Use: Scroll            |     2 |       |     3 |    13 ||    18
       Potion            |       |       |    11 |       ||    11
 Stab: Sleeping          |     1 |       |       |       ||     1
  Eat: Chunk             |     6 |     8 |    11 |    24 ||    49
Armor: Animal skin       |     7 |       |       |       ||     7
       Ring mail         |     9 |       |       |       ||     9
       Chain mail        |    21 |    33 |    49 |       ||   103
       Plate armour      |       |       |    36 |       ||    36
       Quicksilver drago |       |       |    39 |   121 ||   160
Dodge: Dodged            |    49 |    24 |    81 |   226 ||   380
